 Dungeon Crawl Stone Soup version 0.22-a0-512-g0943f25 (webtiles) character file.

71195 HyperPerson7 the Eclecticist (level 14, -8/68 HPs)
             Began as a Deep Elf Fire Elementalist on June 17, 2018.
             Was a High Priest of Vehumet.
             Shot with a bolt by a yaktaur captain (24 damage)
             ... on level 13 of the Dungeon on June 18, 2018.
             The game lasted 01:19:34 (26700 turns).

HyperPerson7 the Eclecticist (DEFE)                Turns: 26700, Time: 01:19:35

Health: -8/68      AC: 14    Str:  5    XL:     14   Next: 96%
Magic:  17/52      EV: 15    Int: 26    God:    Vehumet [*****.]
Gold:   1226       SH:  7    Dex: 19    Spells: 12/48 levels left

rFire    + . .     SeeInvis .   i - staff of power {MP+15, !a}
rCold    + + .     Gourm    .   F - +0 buckler
rNeg     . . .     Faith    .   I - +1 robe {rC+ rF+}
rPois    .         Spirit   .   X - +2 hat {MR+}
rElec    +         Reflect  +   s - +2 cloak
rCorr    .         Harm     .   g - +2 pair of gloves
MR       ++...                  U - +2 pair of boots "Hixaluth" {rElec Dex+4}
Stlth    +++++.....             q - +3 amulet of reflection
HPRegen  0.21/turn              E - +3 ring of evasion
MPRegen  0.33/turn              C - ring of protection from cold

@: no status effects
A: no striking features
a: Renounce Religion


You were on level 13 of the Dungeon.
You worshipped Vehumet.
Vehumet was extremely pleased with you.
You were not hungry.

You visited 3 branches of the dungeon, and saw 20 of its levels.
You also visited: Ice Cave.

You collected 1226 gold pieces.

Inventory:

Hand Weapons
 j - a +1 great sword of electrocution
 K - a +0 blowgun
Missiles
 G - a throwing net (quivered) {!f}
 J - 7 curare-tipped needles
Armour
 g - a +2 pair of gloves (worn)
 s - a +2 cloak (worn)
 F - a +0 buckler (worn)
 I - a +1 robe of resistance (worn)
 U - the +2 pair of boots "Hixaluth" (worn) {rElec Dex+4}
   (You found it on level 3 of the Lair of Beasts)

   It affects your dexterity (+4).
   It insulates you from electricity.
 X - a +2 hat of magic resistance (worn)
Magical Staves
 i - an uncursed staff of power (weapon) {MP+15, !a}
 k - an uncursed staff of wizardry {Wiz, !a}
Jewellery
 q - a +3 amulet of reflection (around neck)
 u - an uncursed ring of wizardry
 C - a ring of protection from cold (right hand)
 E - a +3 ring of evasion (left hand)
 H - an uncursed amulet of faith {unknown}
Wands
 a - a wand of digging (24)
 z - a wand of paralysis (34)
 M - a wand of flame (60)
 S - a wand of acid (10)
 W - a wand of disintegration (15)
 Y - a wand of enslavement (26)
Scrolls
 m - 2 scrolls of fear
 o - 2 scrolls of brand weapon
 r - 5 scrolls of remove curse
 t - 9 scrolls of teleportation
 v - 9 scrolls of amnesia
 w - 3 scrolls of magic mapping
 x - 3 scrolls of blinking
 y - 3 scrolls of enchant weapon
 L - a scroll of vulnerability {unknown}
 N - 2 scrolls of enchant armour
 O - 2 scrolls of fog
 R - a scroll of summoning {unknown}
Potions
 b - 3 potions of degeneration {!q!q}
 c - 8 potions of curing
 d - 2 potions of magic
 f - 6 potions of haste
 h - 5 potions of heal wounds
 l - 2 potions of cancellation
 n - 9 potions of agility
 p - a potion of mutation {!q}
 A - a potion of ambrosia
 B - 2 potions of brilliance
 P - 4 potions of lignification {!q}
 Q - 2 potions of flight
 T - a potion of invisibility
 V - 4 potions of might {unknown}
Comestibles
 e - 33 rations
 D - a chunk of flesh


   Skills:
 - Level 2.4 Dodging
 - Level 10.0 Stealth
 + Level 17.7 Spellcasting
 - Level 15.0 Conjurations
 - Level 6.1 Charms
 - Level 12.0 Fire Magic
 - Level 10.0 Earth Magic
 - Level 8.0 Evocations


You had 12 spell levels left.
You knew the following spells:

 Your Spells              Type           Power        Failure   Level  Hunger
a - Flame Tongue          Conj/Fire      #####        0%          1    None
b - Iron Shot             Conj/Erth      ######....   1%          6    ###....
d - Lee's Rapid Deconstr  Erth           ######....   1%          5    None
e - Conjure Flame         Conj/Fire      #######.     1%          3    None
f - Sticky Flame          Conj/Fire      #######.     1%          4    None
s - Fireball              Conj/Fire      #######...   1%          5    None
z - Orb of Destruction    Conj           #######...   1%          7    #####..
W - Iskenderun's Battles  Conj/Chrm      ######..     1%          5    None

Your spell library contained the following spells:

 Spells                   Type           Power        Failure   Level  Hunger
 Bolt of Magma            Conj/Fire/Erth ######....   1%          5    None
 Throw Flame              Conj/Fire      ######       0%          2    None
 Throw Frost              Conj/Ice       ######       1%          2    None
 Venom Bolt               Conj/Pois      ######....   1%          5    None
 Freeze                   Ice            ###.         1%          1    None
 Summon Ice Beast         Ice/Summ       ###.....     34%         4    None
 Ozocubu's Armour         Chrm/Ice       #####...     3%          3    None
 Throw Icicle             Conj/Ice       ######..     1%          4    None
 Inner Flame              Hex/Fire       ######..     1%          3    None
 Spellforged Servitor     Conj/Summ      ######....   32%         7    #####..


Dungeon Overview and Level Annotations

Branches:
Dungeon (13/15)            Temple (1/1) D:7            Lair (6/6) D:11
  Swamp (0/4) Lair:4        Snake (0/4) Lair:4        Slime (0/5) Lair:5
    Orc (0/2) D:12         Vaults (0/5) D:13

Altars:
Ashenzari
Cheibriados
Dithmenos
Elyvilon
Fedhas
Gozag
Hepliaklqana
Kikubaaqudgha
Makhleb
Nemelex Xobeh
Okawaru
Qazlal
Ru
Sif Muna
Trog
Uskayaw
Vehumet
Wu Jian
Xom
Yredelemnul
Zin
The Shining One
Jiyva

Shops:
D:11 %   D:12 *[

Annotations:
D:12 1 runed door, Haxuso's ghost, journeyman TrWz
Lair:6 2 runed doors


Message History

The metal wall shatters!
The blast of metal fragments hits the yaktaur captain.
The yaktaur captain is almost dead.
The blast of metal fragments hits the hippogriff.
The hippogriff is heavily wounded.
The yaktaur captain shoots a bolt.
The bolt hits you!!!
Ouch! That really hurt!
* * * LOW HITPOINT WARNING * * *
Press: ? - help, v - describe, . - travel
Here: a yaktaur captain, wielding an arbalest (almost dead)
An open door, spattered with blood.
Casting: Lee's Rapid Deconstruction (safe; 1% risk of failure)
Confirm with . or Enter, or press ? or * to list all spells.
Aiming: Lee's Rapid Deconstruction (safe; 1% risk of failure)
Press: ? - help, Dir - move target cursor The metal wall shatters!
The blast of metal fragments hits the yaktaur captain.
The yaktaur captain is almost dead.
The yaktaur captain shoots a bolt.
The bolt hits you!!
You die...

####### #. ...
...#.....## #.#..
.......<..# #....
........... #...
......##.). ...
.....# ##.. #.#
#...# ##. #.##
###'### ##.
#@.####.....####..
#(..##.#...#.##...
#....#.......#....
#....cH..∩...'....
#....#...)...#....
#...##.#...#.##...
#...####.÷(..####..
#..## ###)### ##.
#..# #..†# ##.


You could see a yaktaur captain and a hippogriff.

Vanquished Creatures
  Gastronok (Lair:3)
  Erolcha (D:9)
  An ogre mage (D:12)
  A rakshasa (D:12)
  Fannar (D:12)
  3 vault guards (D:13)
  10 hydras
  A catoblepas (Lair:6)
  3 centaur warriors
  A death knight (D:12)
  5 two-headed ogres
  Sonja (D:10)
  A fire crab (Lair:6)
  2 unseen horrors
  4 ugly things
  A deep elf mage (D:12)
  3 manticores
  2 cyclopes (D:12)
  19 elephants
  6 black mambas
  3 ice statues (IceCv)
  Maurice (D:10)
  Psyche (D:10)
  Joseph (D:10)
  A water nymph (shapeshifter) (D:13)
  A centaur zombie (D:12)
  3 molten gargoyles (Lair:6)
  8 spiny frogs
  A centaur skeleton (D:11)
  4 rime drakes
  An efreet (D:13)
  13 komodo dragons
  A tengu conjurer (D:12)
  17 blink frogs
  13 hippogriffs
  A blink frog (shapeshifter) (D:12)
  A spriggan (D:7)
  5 wyverns
  Sigmund (D:3)
  2 wraiths
  35 yaks
  3 basilisks
  Eustachio (D:4)
  2 steam dragons
  A vampire mosquito (D:13)
  2 hungry ghosts
  The ghost of Defined the Poker, an amateur GrMo of Qazlal (D:4)
  3 nagas (Lair:4)
  9 water moccasins
  Duvessa (D:5)
  5 porcupines
  3 hell hounds
  10 ice beasts
  8 orc warriors
  A swamp drake (Lair:4)
  A sky beast (D:8)
  A phantom (D:13)
  3 black bears
  14 wolves
  21 centaurs
  A necrophage (D:11)
  8 ogres
  8 crocodiles
  2 big kobolds
  14 bullfrogs
  3 gnoll sergeants
  A wyvern zombie (D:11)
  6 scorpions
  Dowan (D:5)
  12 killer bees
  A water moccasin skeleton (D:11)
  3 wights (D:8)
  An electric eel (Lair:5)
  6 howler monkeys
  7 crimson imps
  4 lava snakes (Lair:6)
  A quasit (D:13)
  7 bullfrog skeletons
  4 hounds
  3 jellies
  5 orc priests
  Crazy Yiuf (D:3)
  10 orc wizards
  Jessica (D:3)
  Terence (D:3)
  6 iguanas
  12 worker ants
  A worker ant zombie (D:3)
  21 gnolls
  9 adders
  5 shadow imps
  3 oozes
  2 adder zombies
  An adder skeleton (D:7)
  2 worms
  2 dart slugs
  4 leopard geckos
  50 orcs
  2 ball pythons
  16 bats
  5 giant cockroaches
  7 hobgoblins
  13 jackals
  19 kobolds
  2 quokkas (D:4)
  4 frilled lizards
  11 goblins
  7 rats
  3 fungi (Lair:6)
  A plant (Lair:5)
590 creatures vanquished.

Vanquished Creatures (others)
  A centaur (D:12)
  A bush (Lair:6)
  11 fungi (Lair:6)
  11 plants (Lair:6)
  2 withered plants (D:12)
26 creatures vanquished.

Grand Total: 616 creatures vanquished

Notes
Turn   | Place    | Note
-------+----------+-------------------------------------------
     0 | D:1      | HyperPerson7 the Deep Elf Fire Elementalist began the quest for the Orb.
     0 | D:1      | Reached XP level 1. HP: 10/10 MP: 6/6
   137 | D:1      | Reached XP level 2. HP: 15/15 MP: 6/8
   596 | D:1      | Reached XP level 3. HP: 17/19 MP: 4/9
   732 | D:1      | Learned a level 3 spell: Conjure Flame
  1938 | D:3      | Reached XP level 4. HP: 21/24 MP: 5/11
  2206 | D:3      | Learned a level 4 spell: Sticky Flame
  2473 | D:3      | Reached skill level 4 in Spellcasting
  2578 | D:3      | Noticed Terence
  2620 | D:3      | Found an iron altar of Okawaru.
  2697 | D:3      | Killed Terence
  2817 | D:3      | Noticed Jessica
  2824 | D:3      | Killed Jessica
  2824 | D:3      | Reached XP level 5. HP: 28/28 MP: 10/13
  2854 | D:3      | Found a faded altar of an unknown god.
  2962 | D:3      | Found a runed door.
  3016 | D:3      | Noticed Sigmund
  3044 | D:3      | Killed Sigmund
  3044 | D:3      | Reached skill level 5 in Fire Magic
  3044 | D:3      | Reached XP level 6. HP: 26/32 MP: 6/15
  3225 | D:3      | Noticed Crazy Yiuf
  3232 | D:3      | Killed Crazy Yiuf
  3491 | D:4      | Noticed Eustachio
  3506 | D:4      | Reached skill level 5 in Spellcasting
  3618 | D:4      | Killed Eustachio
  3618 | D:4      | Reached skill level 5 in Conjurations
  3618 | D:4      | Reached XP level 7. HP: 31/36 MP: 9/16
  3773 | D:4      | Noticed Defined's ghost (amateur GrMo)
  3782 | D:4      | Killed Defined's ghost
  4281 | D:4      | Learned a level 5 spell: Fireball
  4641 | D:5      | Entered Level 5 of the Dungeon
  5090 | D:5      | Noticed Dowan
  5163 | D:5      | Noticed Duvessa
  5168 | D:5      | Killed Dowan
  5168 | D:5      | Reached skill level 6 in Spellcasting
  5174 | D:5      | Killed Duvessa
  5174 | D:5      | Reached XP level 8. HP: 20/41 MP: 4/19
  6473 | D:6      | Reached skill level 7 in Spellcasting
  6962 | D:7      | Found a staircase to the Ecumenical Temple.
  7019 | Temple   | Entered the Ecumenical Temple
  7317 | D:7      | Reached XP level 9. HP: 33/45 MP: 15/22
  7855 | D:7      | Found a radiant altar of Vehumet.
  7962 | D:7      | Reached skill level 8 in Spellcasting
  8816 | D:8      | Reached skill level 10 in Fire Magic
  8902 | D:8      | Found a deep blue altar of Sif Muna.
  9077 | D:8      | Learned a level 5 spell: Iskenderun's Battlesphere
  9686 | D:9      | Noticed Erolcha
  9704 | D:9      | Killed Erolcha
  9704 | D:9      | Reached skill level 9 in Spellcasting
  9704 | D:9      | Reached skill level 10 in Conjurations
  9704 | D:9      | Reached XP level 10. HP: 50/50 MP: 5/25
 10138 | D:7      | Became a worshipper of Vehumet
 10183 | D:10     | Entered Level 10 of the Dungeon
 10306 | D:10     | Reached skill level 1 in Charms
 10461 | D:10     | Noticed Joseph
 10465 | D:10     | Killed Joseph
 10595 | D:10     | Noticed Maurice
 10600 | D:10     | Killed Maurice
 10738 | D:10     | Noticed Sonja
 10751 | D:10     | Killed Sonja
 11252 | D:10     | Noticed Psyche
 11260 | D:10     | Killed Psyche
 11396 | D:10     | Reached skill level 10 in Spellcasting
 11548 | D:10     | Reached * piety under Vehumet
 11548 | D:10     | Offered knowledge of Sandblast by Vehumet.
 11809 | D:11     | Found Tejym's Food Emporium.
 12091 | D:11     | Noticed a two-headed ogre
 12180 | D:11     | Killed a two-headed ogre
 12180 | D:11     | Reached XP level 11. HP: 37/54 MP: 11/27
 12416 | D:11     | Noticed an eight-headed hydra
 12421 | D:11     | Killed an eight-headed hydra
 12421 | D:11     | Reached skill level 5 in Charms
 12470 | D:11     | Upgraded the game from 0.22-a0-482-g76e0a5f to 0.22-a0-512-g0943f25
 12663 | D:11     | Noticed a two-headed ogre
 12663 | D:11     | Noticed a red ugly thing
 12682 | D:11     | Killed a two-headed ogre
 12735 | D:11     | Noticed an unseen horror
 12742 | D:11     | Killed an unseen horror
 13049 | D:11     | Killed a brown ugly thing
 13274 | D:11     | Reached ** piety under Vehumet
 13274 | D:11     | Offered knowledge of Freeze by Vehumet.
 13274 | D:11     | Reached skill level 11 in Spellcasting
 13458 | D:11     | Found a staircase to the Lair.
 13513 | Lair:1   | Entered Level 1 of the Lair of Beasts
 14327 | Lair:1   | Noticed a five-headed hydra
 14333 | Lair:1   | Killed a five-headed hydra
 14706 | Lair:2   | Reached skill level 12 in Spellcasting
 14851 | Lair:2   | Reached XP level 12. HP: 43/59 MP: 22/30
 14853 | Lair:2   | Offered knowledge of Mephitic Cloud by Vehumet.
 15050 | Lair:2   | Reached *** piety under Vehumet
 15208 | Lair:2   | Reached skill level 13 in Spellcasting
 15747 | Lair:2   | Reached skill level 14 in Spellcasting
 15817 | Lair:2   | Reached skill level 1 in Evocations
 15917 | Lair:2   | Noticed an eight-headed hydra
 15922 | Lair:2   | Killed an eight-headed hydra
 16317 | Lair:3   | Noticed Gastronok
 16351 | Lair:3   | Killed Gastronok
 16351 | Lair:3   | Offered knowledge of Stone Arrow by Vehumet.
 16351 | Lair:3   | Reached skill level 5 in Stealth
 16966 | Lair:3   | Reached **** piety under Vehumet
 17002 | Lair:3   | Noticed an eight-headed hydra
 17010 | Lair:3   | Killed an eight-headed hydra
 17010 | Lair:3   | Reached skill level 5 in Evocations
 17010 | Lair:3   | Reached XP level 13. HP: 63/63 MP: 21/33
 17185 | Lair:3   | Got a pair of faintly humming boots
 17191 | Lair:3   | Identified the +2 pair of boots "Hixaluth" {rElec Dex+4} (You found it on level 3 of the Lair of Beasts)
 17528 | Lair:4   | Found a staircase to the Snake Pit.
 17608 | Lair:4   | Offered knowledge of Lee's Rapid Deconstruction by Vehumet.
 17686 | Lair:4   | Learned a level 5 spell: Lee's Rapid Deconstruction
 17726 | Lair:4   | Reached skill level 1 in Earth Magic
 17732 | Lair:4   | Found a staircase to the Swamp.
 18467 | Lair:4   | HP: 3/63 [poisoned by a black mamba]
 18870 | Lair:5   | Found a viscous altar of Jiyva.
 18870 | Lair:5   | Found a staircase to the Slime Pits.
 19347 | Lair:5   | Learned a level 7 spell: Orb of Destruction
 19512 | Lair:6   | Entered Level 6 of the Lair of Beasts
 19685 | Lair:5   | Reached skill level 15 in Spellcasting
 20407 | Lair:6   | Reached skill level 5 in Earth Magic
 20677 | Lair:5   | Reached skill level 10 in Stealth
 20885 | Lair:6   | Reached ***** piety under Vehumet
 21002 | Lair:6   | Offered knowledge of Yara's Violent Unravelling by Vehumet.
 21188 | Lair:6   | Reached skill level 15 in Conjurations
 21658 | Lair:6   | Reached XP level 14. HP: 68/68 MP: 23/35
 22217 | Lair:6   | Found a large runed door.
 22665 | Lair:6   | Found a large runed door.
 22878 | Lair:6   | Reached skill level 16 in Spellcasting
 23216 | D:12     | Learned a level 6 spell: Iron Shot
 23317 | D:12     | Noticed Fannar
 23529 | D:12     | Killed Fannar
 23677 | D:12     | Found a staircase to the Orcish Mines.
 23831 | D:12     | Found Eceut's Armour Shoppe.
 24347 | D:12     | Found a runed door.
 24348 | D:12     | Noticed Haxuso's ghost (journeyman TrWz)
 24721 | D:12     | Reached skill level 10 in Earth Magic
 25149 | D:12     | Found Wedwel's General Store.
 25217 | D:13     | Found a frozen archway.
 25309 | IceCv    | Entered an ice cave
 25999 | D:13     | Reached skill level 17 in Spellcasting
 26506 | D:13     | Offered knowledge of Irradiate by Vehumet.
 26636 | D:13     | Found a gate to the Vaults.
 26700 | D:13     | Shot with a bolt by a yaktaur captain

Vault maps used:
D:1:      evilmike_arrival_crescent, minmay_circled_x
D:2:      grunt_ministairs_15, minmay_pentomino_p2
D:3:      chequers_ecumenical_altar_simple, minmay_item_behind_shaft,
          kennysheep_decorative_pillar, okawaru_gym_becter, uniq_jessica,
          uniq_crazy_yiuf_cottage, uniq_terence, uniq_sigmund
D:4:      cheibrodos_greedy_goblins, uniq_eustachio
D:5:      first_ration, roderic_batcave, uniq_duvessa
D:7:      lemuel_crystal_altar, minmay_temple_entry_grid, the_bakery
D:8:      lemuel_blue_sif_altar
D:9:      uniq_erolcha
D:10:     uniq_joseph, uniq_sonja, uniq_maurice, uniq_psyche
D:11:     lair_entry_dummy, serial_shops, shop
D:12:     david_orc_4, serial_shops, kennysheep_mini_moat, kennysheep_mini,
          gammafunk_ghost_grave, minivault_28, uniq_fannar
D:13:     lightli_vaults_fourway_checkpoint, portal_ice_cave_entry_pillars_2,
          kennysheep_four_rooms
Temple:   minmay_crystal_snake_temple
Lair:1:   grunt_megastairs_4
Lair:3:   lemuel_fruit_fields, lemuel_fruit_tree, uniq_gastronok
Lair:4:   minmay_swamp_entry_reptiles, guppyfry_snake_entry_island
Lair:5:   slime_altar_1, infiniplex_staircase_pool
Lair:6:   cheibrodos_lair_end_hotspot
IceCv:    ice_cave_statue_garden_chambered

Skill      XL: |  1  2  3  4  5  6  7  8  9 10 11 12 13 14 |
---------------+-------------------------------------------+-----
Conjurations   | 2 3 4 5 6 8 10 11 13 14 15 | 15.0
Fire Magic     | 4 5 6 7 8 10 11 12 | 12.0
Spellcasting   | 4 5 6 7 9 10 12 14 15 17 | 17.7
Charms         | 4 6 |  6.1
Evocations     | 5 8 |  8.0
Stealth        | 6 10 | 10.0
Earth Magic    | 7 10 | 10.0
Dodging        | |  2.4

Action                   |  1- 3 |  4- 6 |  7- 9 | 10-12 | 13-15 || total
-------------------------+-------+-------+-------+-------+-------++-------
Melee: Unarmed           |     2 |       |     1 |       |       ||     3
       Great sword       |       |       |   108 |    10 |       ||   118
 Fire: Blowgun           |       |       |       |     4 |       ||     4
 Cast: Flame Tongue      |    64 |    50 |   195 |   221 |   329 ||   859
       Sticky Flame      |       |     9 |    21 |    48 |    54 ||   132
       Conjure Flame     |       |     4 |     6 |     1 |     5 ||    16
       Fireball          |       |       |    15 |    68 |    76 ||   159
       Iskenderun's Batt |       |       |     1 |    23 |    34 ||    58
       Lee's Rapid Decon |       |       |       |       |   109 ||   109
       Orb of Destructio |       |       |       |       |     4 ||     4
       Iron Shot         |       |       |       |       |     2 ||     2
Evoke: Wand              |       |       |     1 |     5 |       ||     6
  Use: Scroll            |     1 |     6 |     5 |    15 |     8 ||    35
       Potion            |       |       |       |       |     2 ||     2
 Stab: Paralysed         |       |       |     4 |     1 |       ||     5
       Sleeping          |       |       |     5 |       |       ||     5
       Distracted        |       |       |     1 |       |       ||     1
  Eat: Chunk             |     3 |     7 |    22 |    31 |    24 ||    87
       Ration            |       |       |       |     1 |     2 ||     3
Armor: Robe              |     3 |     8 |    63 |    68 |    84 ||   226
Dodge: Dodged            |    17 |    23 |   186 |   102 |   130 ||   458
Block: Buckler           |       |       |       |    58 |    52 ||   110
       Other             |       |       |       |     8 |       ||     8
       Reflection        |       |       |       |     2 |     9 ||    11
       Rpst.: Great sword |       |       |    48 |     3 |       ||    51

Table legend:
 A = Spawn XP
 B = Non-spawn XP
 C = Spawn XP percentage of total XP
 D = Spawn monster count
 E = Non-spawn monster count
 F = Spawn count percentage of total count
 G = Total turns spent on level
                    A         B        C        D         E        F      G
               +---------+---------+-------+---------+---------+-------+---------
         Total |       0 |  101708 |   0.0 |       0 |     587 |   0.0 | 26700
               +---------+---------+-------+---------+---------+-------+---------
           D:1 |       0 |      65 |   0.0 |       0 |      26 |   0.0 |  1160
           D:2 |       0 |      28 |   0.0 |       0 |      11 |   0.0 |   770
           D:3 |       0 |     405 |   0.0 |       0 |      20 |   0.0 |  1456
           D:4 |       0 |     595 |   0.0 |       0 |      28 |   0.0 |  1690
           D:5 |       0 |     581 |   0.0 |       0 |      24 |   0.0 |   964
           D:6 |       0 |     860 |   0.0 |       0 |      28 |   0.0 |   917
           D:7 |       0 |    1360 |   0.0 |       0 |      26 |   0.0 |  1487
           D:8 |       0 |    1048 |   0.0 |       0 |      32 |   0.0 |   766
           D:9 |       0 |    1568 |   0.0 |       0 |      10 |   0.0 |   756
          D:10 |       0 |    3486 |   0.0 |       0 |      28 |   0.0 |  2132
          D:11 |       0 |    6288 |   0.0 |       0 |      37 |   0.0 |  1382
          D:12 |       0 |   12992 |   0.0 |       0 |      64 |   0.0 |  1778
          D:13 |       0 |   12597 |   0.0 |       0 |      53 |   0.0 |  1131
        Lair:1 |       0 |    4626 |   0.0 |       0 |      19 |   0.0 |  1471
        Lair:2 |       0 |   10314 |   0.0 |       0 |      34 |   0.0 |  1328
        Lair:3 |       0 |    7168 |   0.0 |       0 |      21 |   0.0 |  1184
        Lair:4 |       0 |    4365 |   0.0 |       0 |      22 |   0.0 |  1336
        Lair:5 |       0 |    8658 |   0.0 |       0 |      29 |   0.0 |  1549
        Lair:6 |       0 |   21417 |   0.0 |       0 |      64 |   0.0 |  2819
         IceCv |       0 |    3287 |   0.0 |       0 |      11 |   0.0 |   407
               +---------+---------+-------+---------+---------+-------+---------
